 Dungeon Crawl Stone Soup version 0.24.0-10-g970556be89 (webtiles) character file.

Game seed: 5315036100552548853, levelgen mode: deterministic

959 inmateoo the Firebug (level 7, -3/47 HPs)
             Began as a Mummy Fire Elementalist on Nov 4, 2019.
             Was a Follower of Hepliaklqana.
             Killed from afar by an electric eel (16 damage)
             ... with a bolt of electricity
             ... on level 6 of the Dungeon.
             The game lasted 00:09:10 (8188 turns).

inmateoo the Firebug (Mummy Fire Elementalist)      Turns: 8188, Time: 00:09:10

Health: -3/47      AC:  4    Str: 12    XL:     7   Next: 91%
Magic:  13/13      EV: 12    Int: 16    God:    Hepliaklqana [*.....]
Gold:   240        SH:  0    Dex: 12    Spells: 4/14 levels left

rFire    x . .     SeeInvis .   d - +0 short sword
rCold    + . .     Gourm    .   (no shield)
rNeg     + + +     Faith    .   a - +0 robe
rPois    ∞         Spirit   .   g - +0 helmet
rElec    .         Reflect  .   (no cloak)
rCorr    .         Harm     .   e - +0 pair of gloves (curse)
MR       .....                  (no boots)
Stlth    ++........             (no amulet)
HPRegen  0.15/turn              (no ring)
MPRegen  0.13/turn              (no ring)

@: no status effects
A: no food or potions, fire vulnerability, reduced essence, cold resistance 1,
negative energy resistance 3, torment resistance, unbreathing
a: Recall Ancestor, Ancestor Identity, Renounce Religion


You were on level 6 of the Dungeon.
You worshipped Hepliaklqana.
Hepliaklqana was aware of your devotion.
You were not hungry.

You visited 2 branches of the dungeon, and saw 7 of its levels.

You collected 240 gold pieces.

Inventory:

Hand Weapons
 d - a +0 short sword (weapon)
Armour
 a - a +0 robe (worn)
 e - a cursed +0 pair of gloves (worn)
 g - a +0 helmet (worn)
Jewellery
 k - an uncursed amulet of regeneration {unknown}
 l - a +5 ring of dexterity
 m - a cursed amulet of inaccuracy {unknown}
Wands
 h - a wand of polymorph (10)
 n - a wand of flame (13)
Scrolls
 b - 9 scrolls of identify
 c - a scroll of teleportation
 f - a scroll of amnesia
 i - a scroll of enchant armour {unknown}
 j - a scroll of remove curse {unknown}


   Skills:
 + Level 3.8 Fighting
 - Level 1.5 Dodging
 - Level 1.5 Stealth
 - Level 4.0 Spellcasting
 + Level 3.6 Conjurations
 * Level 5.8 Fire Magic


You had 4 spell levels left.
You knew the following spells:

 Your Spells              Type           Power        Failure   Level  Hunger
a - Flame Tongue          Conj/Fire      ###..        2%          1    N/A
b - Throw Flame           Conj/Fire      ###...       3%          2    N/A
c - Conjure Flame         Conj/Fire      ###.....     8%          3    N/A
d - Sticky Flame          Conj/Fire      ###.....     24%         4    N/A

Your spell library contained the following spells:

 Spells                   Type           Power        Failure   Level  Hunger
 Inner Flame              Hex/Fire       ##......     16%         3    N/A
 Confusing Touch          Hex            #.....       17%         1    N/A
 Confuse                  Hex            #.......     45%         3    N/A
 Gell's Gravitas          Tloc           #.........   45%         3    N/A
 Petrify                  Tmut/Erth      #.......     86%         4    N/A
 Fireball                 Conj/Fire      ###.......   56%         5    N/A
 Metabolic Englaciation   Hex/Ice        #.........   99%         5    N/A
 Yara's Violent Unravell  Hex/Tmut       #.........   99%         5    N/A

Dungeon Overview and Level Annotations

Branches:
Dungeon (6/15)             Temple (1/1) D:4

Altars:
Cheibriados
Dithmenos
Hepliaklqana
Kikubaaqudgha
Makhleb
Nemelex Xobeh
Okawaru
Qazlal
Sif Muna
Trog
Uskayaw
Wu Jian
Xom
Yredelemnul
Zin
The Shining One
Jiyva

Annotations:
D:6 1 transporter


Innate Abilities, Weirdness & Mutations

You do not eat or drink.
Your flesh is vulnerable to fire.
You are immune to poison.
Your flesh is cold resistant. (rC+)
You are immune to negative energy. (rN+++)
You are immune to unholy pain and torment.
You can survive without breathing.
Your life essence is reduced to manifest your ancestor. (-10% HP)


Message History

HP restored.
There is a transporter landing site here.
Evoke which item? (* to show all) (? for menu, Esc to quit)
Aiming: Throw Flame
Press: ? - help, Shift-Dir - straight line, p - electric eel The electric eel shoots out a bolt of lightning at you!
The bolt of electricity hits you! x2
Unknown command.
Evoke which item? (* to show all) (? for menu, Esc to quit)
Aiming: Throw Flame
Press: ? - help, Shift-Dir - straight line, f - electric eel
Aim: an electric eel The puff of flame hits the electric eel.
The electric eel is moderately wounded.
The electric eel is engulfed in a cloud of scalding steam.
The electric eel shoots out a bolt of lightning at you!
The bolt of electricity hits you!
* * * LOW HITPOINT WARNING * * *
The bolt of electricity hits you!
You die...

#...###.###### ########## .####
#.# .######.############
...................#######
.#.###############.......#
.#.#8P#;≈≈§≈;;#≈8#...###.#
...#..#≈≈§≈≈..#R.#...# #.#
..©#©(+≈≈≈⌠≈..'.©#©..###.########
...#..#≈≈≈≈≈..#.@#..##..........#
...#8P#≈≈≈≈≈≈≈#P8#..##.#.######..
...###############.......# ##.
...................###.### ##
..#####.#.#......### #.##########
........#.#.####.# #.#.......#
.########.....##.# #.#.#####^#
'## ###.#.##.# #.#.# #.## ..##
#.#.##.# #.#.#####.##


You could see the friendly Gnaeus the ancestor and 2 electric eels.

Vanquished Creatures
  A phantom (D:4)
  A black bear (D:6)
  A centaur (D:6)
  A scorpion (D:4)
  An electric eel (D:6)
  A howler monkey (D:4)
  A crimson imp (D:5)
  An orc priest (D:4)
  A hound (D:6)
  A bullfrog skeleton (D:4)
  An iguana (D:6)
  An orc wizard (D:6)
  A worker ant (D:4)
  A worker ant zombie (D:6)
  Robin (D:3)
  8 adders
  A shadow imp (D:4)
  2 worms (D:2)
  3 dart slugs (D:1)
  5 leopard geckos
  11 orcs
  10 giant cockroaches
  14 goblins
  9 hobgoblins
  6 jackals
  A quokka (D:5)
  6 bats
  7 frilled lizards
  A jackal skeleton (D:5)
  7 kobolds
  A leopard gecko skeleton (D:4)
  A quokka skeleton (D:5)
  8 rats
116 creatures vanquished.

Vanquished Creatures (collateral kills)
  A bullfrog (D:6)
  An orc priest (D:6)
  An orc wizard (D:4)
  A worker ant (D:5)
  A shadow imp (D:6)
  3 orcs
8 creatures vanquished.

Vanquished Creatures (others)
  2 ancestors (D:6)
  2 jackals (D:2)
  A plant (D:6)
  A withered plant (D:6)
6 creatures vanquished.

Grand Total: 130 creatures vanquished

Notes
Turn   | Place    | Note
-------+----------+-------------------------------------------
     0 | D:1      | inmateoo the Mummy Fire Elementalist began the quest for
                  | the Orb.
     0 | D:1      | Reached XP level 1. HP: 13/13 MP: 4/4
   126 | D:1      | Reached skill level 1 in Conjurations
   168 | D:1      | Reached XP level 2. HP: 11/19 MP: 0/5
   495 | D:1      | Reached skill level 3 in Fire Magic
   714 | D:1      | Learned a level 2 spell: Throw Flame
  1183 | D:1      | Reached XP level 3. HP: 24/24 MP: 5/7
  1512 | D:2      | Found a basalt altar of Yredelemnul.
  1554 | D:2      | Found a glowing golden altar of the Shining One.
  1567 | D:2      | Noticed a profane servitor
  2036 | D:2      | Reached XP level 4. HP: 29/31 MP: 2/8
  2241 | D:2      | Reached skill level 1 in Fighting
  2622 | D:3      | Learned a level 3 spell: Conjure Flame
  2704 | D:3      | Reached XP level 5. HP: 34/37 MP: 0/10
  2922 | D:3      | Noticed Robin
  2934 | D:3      | Killed Robin
  3213 | D:3      | Found an ornate altar of the Wu Jian Council.
  3776 | D:4      | Reached skill level 4 in Fire Magic
  3776 | D:4      | Noticed a phantom
  4085 | D:3      | Learned a level 4 spell: Sticky Flame
  4333 | D:4      | Reached XP level 6. HP: 44/44 MP: 7/11
  4688 | D:4      | Found a staircase to the Ecumenical Temple.
  4700 | Temple   | Entered the Ecumenical Temple
  4809 | Temple   | Became a worshipper of Hepliaklqana the Forgotten
  5340 | D:5      | Entered Level 5 of the Dungeon
  5347 | D:5      | Found a shimmering blue altar of Sif Muna.
  5504 | D:5      | Reached XP level 7. HP: 21/45 MP: 11/13
  5566 | D:5      | Found a shadowy altar of Dithmenos.
  5568 | D:5      | Found a snail-covered altar of Cheibriados.
  5593 | D:6      | Reached skill level 5 in Fire Magic
  6373 | D:6      | Found an ancient bone altar of Kikubaaqudgha.
  6392 | D:6      | Found a sparkling altar of Nemelex Xobeh.
  6504 | D:6      | Reached * piety under Hepliaklqana
  6505 | D:6      | Found a transporter.
  6516 | D:6      | Found a transporter.
  7635 | D:6      | HP: 2/47 [electric eel/bolt of electricity (9)]
  8188 | D:6      | Killed from afar by an electric eel

Levels and vault maps discovered:
D:1:      psy_arrival_basics, layout_basic
D:2:      wander_river, layout_rooms, grunt_temple_overflow_holy_war,
          first_ration, chequers_avenue
D:3:      minmay_angry_zag, layout_basic, lemuel_coloured_pillars_altar,
          uniq_robin
D:4:      minmay_inner_zag, layout_basic, minmay_temple_entry_sparse_star
D:5:      layout_basic, nicolae_overflow_hidden_temple,
          chequers_temple_overflow_statue_of_worship, basic_altar
D:6:      gammafunk_steamed_eel, layout_loops_corners,
          kiku_gazebo_garden_becter, nemelex_xobeh_ov_fountains_minmay
Temple:   pf_slimified_temple

Skill      XL: |  1  2  3  4  5  6  7 |
---------------+----------------------+-----
Conjurations   | 1 2 3 |  3.6
Fire Magic     | 3 4 5 |  5.8
Spellcasting   | 3 4 |  4.0
Fighting       | 1 2 3 |  3.8
Dodging        | |  1.5
Stealth        | |  1.5

Action                   |  1- 3 |  4- 6 |  7- 9 || total
-------------------------+-------+-------+-------++-------
Melee: Short sword       |    21 |    46 |     3 ||    70
       Unarmed           |     1 |       |       ||     1
 Cast: Flame Tongue      |    72 |   149 |    45 ||   266
       Sticky Flame      |       |       |     1 ||     1
Invok: Recall Ancestor   |       |       |     1 ||     1
Evoke: Wand              |       |       |     4 ||     4
  Use: Scroll            |     1 |     2 |       ||     3
Armor: Robe              |    14 |    23 |    10 ||    47
Dodge: Dodged            |    61 |    72 |    28 ||   161
